Map: Bridgehead LE (Void)

Players

qxc - Winner!

  • Race: Terran Terran
  • League: Master

Beastyqt

  • Race: Terran Terran
  • League: Master

Event: Lycan League Weekly August #2

VOD

Have the link to the VOD?

Description

Time

  • Played on: Aug. 10, 2015, 3:52 p.m.
  • Length: 14:01

All games in this series

Show
View Real Time Build Order
Export as new Build Order

qxc Terran - Winner!

Build Orders:  

Get SALT Encoding   

  12  0:00  SCV  
  13  0:13  SCV  
  14  0:18  Supply Depot  
  14  0:25  SCV  
  15  0:39  SCV  
  15  0:41  Barracks  
  16  0:52  SCV  
  17  1:04  SCV  
  18  1:05  Refinery  
  18  1:16  SCV  
  19  1:28  Marine  
  19  1:29  Orbital Command  
  20  1:39  Command Center  
  20  1:47  Supply Depot  
  20  1:50  Marine  
  21  1:55  SCV  
  22  2:06  Factory  
  22  2:08  SCV  
  23  2:10  Marine  
  24  2:20  SCV  
  25  2:27  Refinery  
  25  2:28  Marine  
  26  2:32  SCV  
  27  2:44  SCV  
  27  2:46  Marine  
  27  2:51  Hellion, Starport, Orbital Command  
  31  2:56  SCV  
  32  3:04  Marine  
  33  3:08  Engineering Bay  
  33  3:13  Hellion  
  33  3:14  SCV  
  35  3:20  SCV  
  35  3:26  Marine  
  35  3:27  SCV, Viking  
  40  3:34  Supply Depot  
  40  3:35  SCV  
  40  3:41  Hellion  
  43  3:43  SCV  
  43  3:45  Marine  
  45  3:48  SCV  
  45  3:54  Supply Depot  
  46  3:58  Viking  
  46  4:01  SCV  
  49  4:05  SCV  
  48  4:13  SCV  
  41  4:17  SCV  
  41  4:22  Factory Tech Lab, Barracks Tech Lab  
  42  4:25  SCV  
  42  4:28  Medivac  
  45  4:31  SCV  
  46  4:38  SCV  
  46  4:40  Siege Tank  
  46  4:41  Marine  
  46  4:44  Refinery  
  51  4:46  SCV, Refinery  
  51  4:49  Barracks  
  51  4:51  SCV  
  53  4:54  Barracks  
  53  4:58  SCV  
  54  5:00  Starport Reactor  
  54  5:02  Marine  
  54  5:04  SCV  
  56  5:10  SCV, Missile Turret x2  
  56  5:13  Siege Tank  
  60  5:14  Missile Turret  
  60  5:16  SCV  
  60  5:20  Marine  
  62  5:26  Supply Depot  
  62  5:27  Missile Turret  
  62  5:29  Terran Infantry Weapons Level 1, Supply Depot, SCV  
  61  5:36  SCV  
  61  5:42  Barracks Reactor  
  61  5:45  Barracks Reactor, SCV  
  61  5:47  Marine  
  61  5:48  Siege Tank  
  66  5:51  SCV  
  67  5:58  SCV  
  67  5:59  Medivac  
  67  6:04  SCV  
  71  6:10  Medivac  
  73  6:11  Marine  
  73  6:14  SCV  
  75  6:23  Marine x2  
  78  6:28  Supply Depot x2  
  78  6:29  Supply Depot  
  70  6:49  Medivac x2, Marine x4  
  70  6:50  Siege Tank  
  83  6:54  Barracks Tech Lab  
  77  7:04  Command Center  
  77  7:07  Marine x2  
  77  7:12  Marine x2  
  79  7:16  Marine  
  79  7:19  Stimpack  
  80  7:24  Barracks, Marine x2  
  80  7:26  Viking  
  80  7:29  Marine  
  84  7:32  Viking  
  87  7:38  Barracks, Marine  
  88  7:45  Siege Tank  
  89  7:51  Marine x2  
  89  8:08  Viking x2, Marine  
  89  8:11  Barracks Tech Lab  
  94  8:16  Supply Depot, Marine x2  
  94  8:17  Supply Depot  
  94  8:18  Siege Tank  
  94  8:19  Marine x2  
  101  8:29  Marine  
  101  8:30  Combat Shields  
  103  8:38  Marine x5  
  103  8:40  Barracks Reactor  
  107  8:47  Marine  
  107  8:48  SCV x2  
  108  8:50  Siege Tank  
  108  8:54  Medivac x2  
  115  8:56  Marine x4  
  115  9:00  SCV x2  
  119  9:05  Marine x2  
  122  9:12  Orbital Command  
  122  9:13  SCV  
  122  9:14  Marine x3  
  125  9:44  Terran Infantry Armor Level 1, Marine x8  
  125  9:45  Supply Depot  
  133  9:58  Medivac  
  132  10:01  Siege Tank  
  132  10:02  Marine x2  
  132  10:03  Marine x4  
  119  10:11  Marine x2, Medivac  
  123  10:20  Marine x4  
  123  10:21  Marine  
  123  10:31  Medivac  
  123  10:33  Siege Tank  
  128  10:37  Marine x2  
  126  10:44  Marine x2  
  126  10:45  Marine x2  
  129  10:51  Marine  
  129  10:52  Marine  
  129  10:53  Medivac  
  129  10:55  Marine x2  
  124  11:01  Medivac  
  124  11:02  Marine x4  
  124  11:05  Siege Tank  
  124  11:09  Marine x2  
  126  11:12  Marine  
  126  11:13  Marine  
  126  11:16  Armory  
  126  11:17  Factory  
  128  11:19  Factory  
  128  11:20  Marine x4  
  132  11:27  Marine x2  
  132  11:30  Marine x2  
  132  11:31  Command Center  
  136  11:38  Marine x4  
  139  11:44  Siege Tank  
  139  11:45  Marine x2  
  139  11:48  Marine x2  
  141  12:05  Supply Depot  
  141  12:09  Marine  
  141  12:10  Marine x2  
  141  12:12  Marine x2  
  141  12:16  Factory Tech Lab  
  141  12:26  Marine  
  141  12:30  Marine x4  
  141  12:32  Siege Tank  
  141  12:34  Marine x2  
  141  12:35  Siege Tank  
  132  12:42  Planetary Fortress  
  131  12:44  Marine  
  131  12:48  Marine x4  
  132  12:54  Marine x2  
  134  12:59  Medivac x2  
  134  13:02  Marine  
  134  13:04  Siege Tank  
  142  13:06  Marine x4  
  142  13:11  Marine  
  142  13:12  Marine  
  148  13:13  Factory Tech Lab  
  148  13:20  Marine  
  148  13:26  Sensor Tower  
  148  13:27  Marine x4  
  149  13:29  Marine  
  149  13:30  Marine  
  155  13:38  Marine  
Show
View Real Time Build Order
Export as new Build Order

Beastyqt Terran 

Build Orders: 1/1/1, Banshee Rush 

Get SALT Encoding   

  12  0:01  SCV  
  13  0:13  SCV  
  14  0:18  Supply Depot  
  14  0:25  SCV  
  15  0:30  Refinery  
  15  0:40  SCV  
  16  0:45  Barracks  
  16  0:52  SCV  
  17  1:04  SCV  
  18  1:16  SCV  
  19  1:32  Orbital Command  
  19  1:33  Factory, Marine  
  20  1:41  Supply Depot  
  20  1:51  Marine  
  21  1:58  SCV  
  22  2:08  Marine  
  22  2:10  SCV  
  22  2:11  Supply Depot  
  24  2:16  Widow Mine  
  24  2:18  Starport  
  24  2:22  SCV  
  27  2:26  Marine  
  27  2:28  Refinery  
  28  2:34  SCV  
  29  2:38  Supply Depot  
  29  2:44  Marine  
  29  2:46  SCV, Hellion  
  33  2:54  Medivac  
  35  2:59  SCV  
  35  3:05  Marine  
  37  3:07  Supply Depot, Hellion  
  40  3:12  SCV  
  40  3:24  SCV, Engineering Bay  
  41  3:31  Starport Tech Lab  
  41  3:32  Factory Reactor  
  41  3:39  Barracks Reactor  
  42  3:48  SCV  
  42  3:51  Command Center, Cloaking Field  
  42  4:00  SCV  
  43  4:09  Banshee  
  44  4:12  SCV  
  42  4:18  Marine x2  
  41  4:29  SCV  
  42  4:37  Command Center  
  40  4:39  Marine x2  
  40  4:44  SCV  
  43  4:47  Factory Tech Lab  
  43  4:52  Banshee  
  46  4:56  SCV  
  47  5:01  Marine x2  
  47  5:04  Orbital Command  
  49  5:11  Siege Tank  
  49  5:12  SCV  
  53  5:19  Marine x2  
  55  5:25  SCV  
  56  5:35  Raven  
  58  5:37  SCV  
  58  5:41  SCV  
  57  5:44  Refinery, Marine x2  
  57  5:45  Refinery  
  57  5:49  SCV  
  61  5:53  Orbital Command  
  61  5:54  Siege Tank  
  61  5:56  SCV  
  64  6:01  SCV  
  65  6:10  Marine x2  
  63  6:12  SCV  
  63  6:17  Barracks x2  
  61  6:18  Barracks  
  61  6:24  SCV  
  59  6:27  SCV  
  59  6:28  SCV  
  61  6:36  SCV, Marine x2  
  58  6:40  SCV x2  
  58  6:43  Viking x2  
  58  6:46  Barracks  
  63  6:48  SCV  
  63  6:52  SCV  
  63  6:53  Siege Tank  
  63  6:54  Marine x2  
  69  7:00  SCV  
  67  7:05  Orbital Command  
  67  7:08  Barracks Tech Lab  
  67  7:09  Terran Infantry Weapons Level 1, SCV  
  67  7:11  Marine x2  
  67  7:12  SCV  
  67  7:15  Viking x2  
  72  7:21  SCV  
  75  7:24  Barracks Reactor, Stimpack  
  75  7:28  Marine x2  
  75  7:29  Marine x2  
  79  7:30  SCV  
  79  7:33  SCV  
  79  7:34  SCV  
  79  7:35  Supply Depot  
  82  7:39  Supply Depot  
  82  7:44  SCV  
  83  7:46  Sensor Tower, Marine  
  83  7:49  SCV  
  83  7:53  SCV  
  83  7:55  Viking x2  
  83  7:58  Marine x2  
  83  8:03  SCV x2  
  83  8:05  Barracks Reactor  
  86  8:08  SCV  
  86  8:09  Marine x2  
  89  8:13  Combat Shields  
  89  8:16  Marine  
  89  8:17  Marine  
  89  8:19  Marine x2  
  91  8:22  Siege Tank  
  91  8:24  SCV  
  91  8:25  Supply Depot, SCV  
  98  8:27  Marine x2  
  98  8:32  Supply Depot  
  98  8:33  Supply Depot  
  100  8:34  Marine  
  100  8:36  Medivac x2, Marine  
  106  8:46  Marine x5  
  106  8:47  Marine  
  112  8:51  SCV x2  
  112  8:52  Marine  
  112  8:53  Refinery x2  
  112  8:54  Marine  
  116  8:56  SCV  
  116  8:58  Siege Tank  
  120  9:03  SCV x2  
  120  9:04  Marine x3  
  120  9:06  Medivac  
  120  9:09  Terran Infantry Armor Level 1, Sensor Tower  
  127  9:10  Marine x2  
  127  9:11  Marine x2  
  127  9:12  Marine  
  127  9:13  SCV  
  133  9:19  Supply Depot  
  133  9:29  Supply Depot  
  133  9:30  Armory, Marine  
  133  9:31  Supply Depot  
  133  9:40  SCV, Siege Tank, Marine  
  133  9:43  Marine  
  133  9:45  Medivac  
  141  9:49  Supply Depot x2  
  141  9:54  Marine x2  
  135  10:02  Marine  
  135  10:05  SCV, Marine x2  
  120  10:08  Marine x2  
  120  10:10  Marine  
  120  10:12  Siege Tank, Marine x2  
  128  10:19  Marine  
  129  10:23  Marine x2  
  129  10:26  Marine x2  
  129  10:28  Marine  
  129  10:29  Marine x2  
  125  10:37  Marine  
  125  10:41  Marine  
  127  10:43  Marine  
  127  10:44  Siege Tank, Marine  
  127  10:46  Marine  
  127  10:47  Marine  
  129  10:50  SCV  
  129  10:55  Marine  
  107  10:58  Marine  
  107  11:01  Marine x2  
  107  11:03  Marine  
  106  11:05  Marine  
  102  11:13  Marine  
  102  11:14  Barracks, Medivac x2  
  102  11:16  Barracks, Marine  
  102  11:17  Siege Tank, Terran Infantry Weapons Level 2  
  108  11:18  Terran Vehicle Weapons Level 1  
  108  11:19  Marine x2  
  108  11:21  Marine  
  108  11:23  Marine  
  112  11:31  Marine  
  110  11:34  Marine  
  110  11:37  Marine x2  
  110  11:39  Marine  
  108  11:41  Marine  
  108  11:43  Command Center  
  101  11:48  Marine  
  101  11:49  Siege Tank  
  101  11:50  Factory  
  101  11:52  Marine  
  104  11:55  Marine x2  
  104  11:57  Marine  
  104  11:58  Marine  
  108  12:03  Barracks Reactor x2  
  108  12:06  Marine  
  107  12:10  Marine  
  107  12:12  Marine  
  107  12:13  Marine  
  107  12:15  Marine  
  93  12:16  Marine  
  93  12:18  Medivac  
  93  12:21  Siege Tank  
  87  12:24  Marine  
  87  12:28  Marine  
  88  12:30  Marine x2  
  88  12:33  Marine  
  88  12:34  Marine  
  86  12:39  Marine  
  86  12:42  Marine x3  
  89  12:45  Marine  
  89  12:47  Marine  
  89  12:48  Marine x2  
  89  12:50  Marine  
  92  12:52  Marine  
  92  12:57  Marine  
  93  13:00  Marine  
  93  13:01  Marine x2  
  96  13:09  Marine x2  
  96  13:12  Factory Tech Lab  
  98  13:29  Marine x2  
  98  13:32  Orbital Command  
  98  13:33  Marine  
  98  13:34  Marine  

Tags
 
Add a new tag
Caveats
  • Supply blocks, unpowered buildings, or Contaminate may cause inaccurate times.
  • Supply counts are checked every 10 seconds.